 Dungeon Crawl Stone Soup version 0.31-a0-700-gf13585253f (webtiles) character file.

Game seed: 14446950680670010379

301 qw the Shooter (level 6, -5/37 HPs)
             Began as a Gargoyle Hunter on Sept 7, 2023.
             Slain by an ogre
             ... wielding a +0 giant club
              (27 damage)
             ... on level 4 of the Dungeon.
             The game lasted 00:01:03 (2515 turns).

qw the Shooter (Gargoyle Hunter)                    Turns: 2515, Time: 00:01:04

Health: -5/37      AC: 12    Str: 12 (14) XL:     6   Next: 37%
Magic:  6/6        EV: 10    Int:  7 (10) God:
Gold:   65         SH:  0    Dex: 13 (15) Spells: 5/5 levels left

rFire   . . .        Y - +0 shortbow
rCold   . . .        (shield currently unavailable)
rNeg    + . .        a - +0 ring mail
rPois   inf          j - +0 helmet
rElec   +            (no cloak)
rCorr   .            f - +1 pair of gloves
SInv    .            (no boots)
Will    .....        (no amulet)
Stlth   +            (no ring)
HPRegen 0.26/turn    (no ring)
MPRegen 0.10/turn

%: no passive effects
@: no status effects
A: sickness immunity, AC +4, negative energy resistance 1, electricity
resistance, torment resistance 1, petrification resistance
a: no special abilities


You were on level 4 of the Dungeon.
You visited 1 branch of the dungeon, and saw 4 of its levels.

You collected 230 gold pieces.
You spent 165 gold pieces at shops.


Innate Abilities, Weirdness & Mutations

You are immune to sickness and miasma.
Your stone body is resilient. (AC +4)
You are immune to poison.
You resist negative energy. (rN+)
You are resistant to electric shocks. (rElec)
You are resistant to unholy torment.
You are immune to petrification.


   Skills:
 + Level 3.4 Fighting
 - Level 6.9 Ranged Weapons
 - Level 1.0 Armour
 - Level 1.5 Dodging
 - Level 1.1 Stealth


You had 5 spell levels left.
You didn't know any spells.
Your spell library was empty.

Inventory:

Hand Weapons
 Y - a +0 shortbow (weapon)
Armour
 a - a +0 ring mail (worn)
 f - a +1 pair of gloves (worn)
 j - a +0 helmet (worn)
Scrolls
 n - a scroll of teleportation
Potions
 b - a potion of curing {unknown}
 c - a potion of brilliance {unknown}
 e - 2 potions of might
 g - a potion of haste {unknown}
 h - a potion of attraction {unknown}
 k - a potion of enlightenment {unknown}
 l - a potion of heal wounds {unknown}
 m - a potion of mutation
 o - a potion of cancellation {unknown}

Dungeon Overview and Level Annotations

Branches:
Dungeon (4/15)
 Temple: D:4-7

Altars:
Vehumet

Shops:
D:1 *   D:3 *

Annotations:
D:2 1 runed translucent door, Crazy Yiuf


Message History

You shoot an arrow.
The arrow closely misses the giant cockroach.
The giant cockroach barely misses you.
The giant cockroach bites you but does no damage.
You shoot an arrow.
The arrow completely misses the giant cockroach.
The giant cockroach bites you but does no damage.
You shoot an arrow. The arrow hits the giant cockroach.
The giant cockroach is severely wounded.
The giant cockroach bites you.
You shoot an arrow. The arrow hits the giant cockroach.
The giant cockroach is almost dead.
The giant cockroach closely misses you.
The giant cockroach bites you but does no damage.
You shoot an arrow.
The arrow hits the giant cockroach but does no damage.
The giant cockroach is almost dead.
The giant cockroach closely misses you.
You shoot an arrow. The arrow hits the giant cockroach.
You kill the giant cockroach!
You now have 65 gold pieces (gained 15).
Found 8 stones.
An ogre comes into view. It is wielding a +0 giant club.
The ogre shouts!
You shoot an arrow. The arrow hits the ogre.
The ogre is lightly wounded.
You shoot an arrow. The arrow hits the ogre!
The ogre is moderately wounded.
You shoot an arrow. The arrow barely misses the ogre.
You shoot an arrow. The arrow hits the ogre.
The ogre is heavily wounded.
The ogre hits you with a +0 giant club!
You shoot an arrow. The arrow hits the ogre.
The ogre is heavily wounded.
The ogre barely misses you.
You shoot an arrow. The arrow hits the ogre.
The ogre is heavily wounded.
The ogre hits you with a +0 giant club!!
Ouch! That really hurt!
You die...

##########.#
#..........#
#.....###### #.....#
#.....# #.....#
#.##### ########.# #.#
#.#...O....# #.#
#....@# ###.####
###.#.####### #......#
#.#.......# #.#.##.#
#.#..####(#
#.#.##.#####.#^.#
###.#..........#..###
.)..........(......>#
########..........#.#
.:......########......


You could see an ogre.

Vanquished Creatures
  Sigmund (D:2)
  2 adders (D:2)
  An ufetubus (D:4)
  A worm (D:2)
  4 dart slugs
  7 orcs
  7 ball pythons
  7 bats
  8 endoplasms
  3 giant cockroaches
  14 goblins
  8 hobgoblins
  5 jackals (D:1)
  A quokka (D:3)
  2 frilled lizards (D:3)
  11 kobolds
  4 rats
86 creatures vanquished.

Notes
Turn   | Place    | Note
-------+----------+-------------------------------------------
     0 | D:1      | qw the Gargoyle Hunter began the quest for the Orb.
     0 | D:1      | Reached XP level 1. HP: 12/12 MP: 1/1
     0 | D:1      | 0 ||| qw: Version: 0.3-a-76-g4403597
     0 | D:1      | 0 ||| qw: Game counter: 698
     0 | D:1      | 0 ||| qw: Melee chars always use a shield: true
     0 | D:1      | 0 ||| qw: God list: Okawaru
     0 | D:1      | 0 ||| qw: Allow faded altars: false
     0 | D:1      | 0 ||| qw: Do Orc after clearing Dungeon:15 true
     0 | D:1      | 0 ||| qw: Do second Lair branch before Depths: true
     0 | D:1      | 0 ||| qw: Lair rune preference: random
     0 | D:1      | 0 ||| qw: Goals: Normal
     0 | D:1      | 0 ||| PLANNING D:1-11
   221 | D:1      | Found Ikho's General Store.
   229 | D:1      | Reached XP level 2. HP: 17/17 MP: 2/2
   232 | D:1      | Found a faded altar of an unknown god.
   242 | D:1      | 242 ||| SHOPLISTING potion of curing (39 gold, have 13).
   242 | D:1      | 242 ||| SHOPLISTING scroll of identify (26 gold, have 13).
   450 | D:1      | Reached XP level 3. HP: 21/21 MP: 3/3
   563 | D:1      | Reached skill level 5 in Ranged Weapons
   925 | D:1      | 925 ||| READING scroll labelled KUDONU KOPSOXT.
   926 | D:1      | 926 ||| READING scroll labelled ZARUIR YLAN.
   927 | D:1      | 927 ||| READING scroll labelled LOMANNICIY.
   928 | D:1      | 928 ||| DROPPING scroll of butterflies.
  1084 | D:2      | Reached skill level 3 in Fighting
  1109 | D:2      | Reached XP level 4. HP: 28/28 MP: 4/4
  1244 | D:2      | Noticed Sigmund
  1254 | D:2      | Killed Sigmund
  1255 | D:2      | Reached skill level 6 in Ranged Weapons
  1255 | D:2      | Reached XP level 5. HP: 32/32 MP: 5/5
  1255 | D:2      | Reached XP level 6. HP: 37/37 MP: 6/6
  1493 | D:2      | Found a runed translucent door.
  1494 | D:2      | Noticed Crazy Yiuf
  1630 | D:2      | 1630 ||| UPGRADING to +0 ring mail.
  1640 | D:2      | 1640 ||| DROPPING +0 leather armour.
  1641 | D:2      | 1641 ||| UPGRADING to +1 pair of gloves.
  1646 | D:2      | 1646 ||| UPGRADING to +0 helmet.
  1651 | D:2      | 1651 ||| READING scroll labelled AKIUCE DUKIGHU.
  1726 | D:2      | 1726 ||| READING scroll labelled COATIF KOBUDO.
  1863 | D:3      | Found Dovicw's General Store.
  1933 | D:3      | 1933 ||| BUYING potion of might (44 gold).
  1933 | D:3      | Bought a potion of might for 44 gold pieces
  1933 | D:3      | 1933 ||| BUYING potion of mutation (88 gold).
  1933 | D:3      | Bought a potion of mutation for 88 gold pieces
  1933 | D:3      | 1933 ||| BUYING scroll of teleportation (33 gold).
  1933 | D:3      | Bought a scroll of teleportation for 33 gold pieces
  1955 | D:3      | 1955 ||| Stepping ~*~*~tactically~*~*~ (outnumbered).
  2046 | D:3      | Reached skill level 1 in Armour
  2250 | D:3      | 2250 ||| READING scroll labelled QYHAUR BENI.
  2251 | D:3      | 2251 ||| READING scroll labelled PEKE ELOTA.
  2252 | D:3      | 2252 ||| DRINKING 2 black potions.
  2253 | D:3      | 2253 ||| DROPPING potion of degeneration.
  2376 | D:4      | Found a radiant altar of Vehumet.
  2515 | D:4      | Slain by an ogre

Levels and vault maps discovered:
D:1:      erik_arrival_triangle_large, layout_basic, serial_shops, shop,
          hellmonk_ecumenical_altar_run_dry, minmay_pentomino_o2
D:2:      layout_basic, minmay_misc_feat_room, minmay_tall_x, uniq_sigmund,
          uniq_crazy_yiuf_cottage
D:3:      layout_basic, serial_shops, nicolae_shop_waterfront, st_stairs_4
D:4:      layout_basic, nicolae_vehumet_radiance, uniq_blork_the_orc

Skill      XL: |  1  2  3  4  5  6 |
---------------+-------------------+-----
Ranged Weapons | 5 6 |  6.9
Fighting       | 3 |  3.4
Armour         | 1 |  1.0
Dodging        | |  1.5
Stealth        | |  1.1

Action                     |  1- 3 |  4- 6 || total
---------------------------+-------+-------++-------
   Fire: Shortbow          |   117 |   144 ||   261
    Use: Scroll            |     3 |     4 ||     7
         Potion            |       |     1 ||     1
 Armour: Leather armour    |    26 |     5 ||    31
         Ring mail         |       |    30 ||    30
  Dodge: Dodged            |    32 |    41 ||    73

Table legend:
 A = Non-vault XP
 B = Vault XP
 C = Vault XP percentage of total XP
 D = Non-vault monster count
 E = Vault monster count
 F = Vault count percentage of total count
                 A         B        C        D         E       F
            +---------+---------+-------+---------+---------+-------
      Total |     183 |     247 |  57.4 |      78 |       8 |   9.3
            +---------+---------+-------+---------+---------+-------
        D:1 |      55 |       0 |   0.0 |      28 |       0 |   0.0
        D:2 |      67 |     240 |  78.2 |      25 |       5 |  16.7
        D:3 |      25 |       7 |  21.9 |      13 |       3 |  18.8
        D:4 |      36 |       0 |   0.0 |      12 |       0 |   0.0
            +---------+---------+-------+---------+---------+-------
